 Dungeon Crawl Stone Soup version 0.27.0-1-g7a089689b8 (webtiles) character file.

Game seed: 15054869181107432313

236 ZARRMARR the Skirmisher (level 5, -3/64 HPs)
             Began as a Palentonga Fighter on July 31, 2021.
             Was an Initiate of Trog.
             Succumbed to Dowan's poison
             ... on level 4 of the Dungeon.
             The game lasted 00:18:50 (3556 turns).

ZARRMARR the Skirmisher (Palentonga Fighter)        Turns: 3556, Time: 00:18:50

Health: -3/64      AC: 22    Str: 20    XL:     5   Next: 77%
Magic:  5/5        EV:  1    Int:  8    God:    Trog [......]
Gold:   210        SH:  9    Dex: 10    Spells: 4/4 levels left

rFire    . . .     SeeInvis +   g - +0 whip (flame)
rCold    . . .     Faith    .   c - +0 kite shield
rNeg     + + +     Spirit   .   (armour currently unavailable)
rPois    +         Reflect  .   (helmet currently unavailable)
rElec    .         Harm     .   (cloak currently unavailable)
rCorr    .         Rampage  .   (gloves currently unavailable)
Will     .....     NoTele   +   (no barding)
Stlth    +.........             (no amulet)
HPRegen  0.20/turn              (no ring)
MPRegen  0.09/turn              (no ring)

@: lethally poisoned (-3 -> -15), tree-form, attractive
A: stationary, stasis, torment immunity, boosted hp, large, rugged brown scales
3, see invisible, (deformed body), (roll 1), (armoured tail)
a: Renounce Religion


You were on level 4 of the Dungeon.
You worshipped Trog.
Trog was noncommittal.
You were a tree.
You visited 1 branch of the dungeon, and saw 4 of its levels.

You collected 210 gold pieces.

Inventory:

Hand Weapons
 g - a +0 whip of flaming (weapon)
 j - a +3 dagger
Missiles
 e - 81 stones
 i - 7 poisoned darts (quivered)
Armour
 b - a +0 scale mail (melded)
 c - a +0 kite shield (worn)
 f - a +0 cloak (melded)


   Skills:
 + Level 3.5 Fighting
 + Level 3.0 Maces & Flails
 + Level 1.7 Throwing
 + Level 3.4 Armour
 + Level 0.7 Dodging
 + Level 3.2 Shields


You had 4 spell levels left.
You didn't know any spells.
Your spell library was empty.

Dungeon Overview and Level Annotations

Branches:
Dungeon (4/15)
 Temple: D:4-7

Altars:
Nemelex Xobeh
Trog

Annotations:
D:4 Dowan


Innate Abilities, Weirdness & Mutations

You are a tree.
Your roots penetrate the ground, keeping you stationary.
You cannot be teleported.
You are immune to unholy pain and torment.
Your maximum health is greatly increased.
Your equipment is partially melded.
(You are completely covered in rugged brown scales. (AC +3, +7% HP))
You have supernaturally acute eyesight. (SInv)
((Armour fits poorly on your strangely shaped body.))
((You can roll at nearby foes to attack.))
((You have a long armoured tail.))


Message History

Your +0 scale mail melds into your body.
Your roots penetrate the ground.
* * * LOW HITPOINT WARNING * * *
You feel very sick.
It was a potion of attraction.
You feel attractive to monsters.
* * * LOW HITPOINT WARNING * * *
You feel sick.
Dowan looks more healthy.
Dowan is pulled toward you!
Hit: g) +0 whip (flame)
Press: ? - help, Dir - move target, f/p - Dowan
Aim: Dowan, wielding a +0 dagger of venom and wearing a +2 robe of positive energy (severely wounded, fast, about 54% to evade your +0 whip of flaming)
Your shield prevents you from hitting Dowan.
Dowan is severely wounded.
* * * LOW HITPOINT WARNING * * *
You feel very sick. Dowan hits you but does no damage. x2
Hit: g) +0 whip (flame)
Press: ? - help, Dir - move target, f/p - Dowan
Aim: Dowan, wielding a +0 dagger of venom and wearing a +2 robe of positive energy (severely wounded, fast, about 54% to evade your +0 whip of flaming)
You hit Dowan but do no damage.
Dowan is severely wounded.
* * * LOW HITPOINT WARNING * * *
You feel sick. Dowan casts a spell at you.
The stone arrow hits you but does no damage.
You block Dowan's attack.
Hit: g) +0 whip (flame)
Press: ? - help, Dir - move target, f/p - Dowan
Aim: Dowan, wielding a +0 dagger of venom and wearing a +2 robe of positive energy (severely wounded, fast, about 54% to evade your +0 whip of flaming)
You hit Dowan but do no damage.
Dowan is severely wounded.
* * * LOW HITPOINT WARNING * * *
You feel sick. You block Dowan's attack. Dowan hits you but does no damage.
You are more poisoned.
Hit: g) +0 whip (flame)
Press: ? - help, Dir - move target, f/p - Dowan
Aim: Dowan, wielding a +0 dagger of venom and wearing a +2 robe of positive energy (severely wounded, fast, about 54% to evade your +0 whip of flaming)
You miss Dowan.
Dowan is severely wounded.
You die...

########################
........................
#.......#############.
+......)'((.((. #.
#....♣..####### #.
#...e...# ## #.
#.......# .#.#.
#.(.....# .#.#.
#.(.....# ...#.
.........# #####.# ##
..........# #<....####
....####### #.##......
#.##.#####


You could see Dowan (fast).

Vanquished Creatures
  Duvessa (D:4)
  An orc priest (D:3)
  2 adders (D:3)
  An adder skeleton (D:4)
  2 worms (D:2)
  3 dart slugs
  9 orcs (D:3)
  5 ball pythons
  9 endoplasms
  4 goblins
  3 hobgoblins
  8 jackals
  4 quokkas
  4 bats
  6 frilled lizards
  5 kobolds
  5 rats
72 creatures vanquished.

Vanquished Creatures (others)
  12 plants (D:3)
12 creatures vanquished.

Grand Total: 84 creatures vanquished

Notes
Turn   | Place    | Note
-------+----------+-------------------------------------------
     0 | D:1      | ZARRMARR the Palentonga Fighter began the quest for the
                  | Orb.
     0 | D:1      | Reached XP level 1. HP: 19/19 MP: 1/1
   126 | D:1      | Reached XP level 2. HP: 24/25 MP: 2/2
  1115 | D:2      | Reached XP level 3. HP: 31/31 MP: 3/3
  1274 | D:2      | Found a bloodstained altar of Trog.
  1980 | D:2      | Found a faded altar of an unknown god.
  2054 | D:2      | Became a worshipper of Trog the Wrathful
  2122 | D:3      | Reached XP level 4. HP: 37/37 MP: 4/4
  2212 | D:3      | Reached skill level 1 in Throwing
  2999 | D:3      | Found a sparkling altar of Nemelex Xobeh.
  3187 | D:3      | Reached XP level 5. HP: 43/43 MP: 5/5
  3530 | D:4      | Noticed Duvessa
  3531 | D:4      | Noticed Dowan
  3541 | D:4      | Killed Duvessa
  3553 | D:4      | HP: 2/64 [poisoned by Dowan]
  3556 | D:4      | Succumbed to Dowan's poison

Illustrated notes

Levels and vault maps discovered:
D:1:      psy_arrival_conway, layout_loops_ring
D:2:      layout_loops_ring, ebering_ecumenical_altar_sacrificial, basic_altar
D:3:      layout_basic, nemelex_spade_bored_becter, supply_closet_lemuel,
          kennysheep_boxes
D:4:      layout_basic, serial_curves, eino_curves_02, eino_curves_03,
          nrook_uturn, uniq_duvessa

Skill      XL: |  1  2  3  4  5 |
---------------+----------------+-----
Armour         | 3 |  3.4
Throwing       | 1 |  1.7
Shields        | 3 |  3.2
Maces & Flails | 3 |  3.0
Fighting       | |  3.5
Dodging        | |  0.7

Action                   |  1- 3 |  4- 6 || total
-------------------------+-------+-------++-------
Melee: Flail             |    17 |       ||    17
       Tailslap          |    12 |    10 ||    22
       Whip              |    78 |    78 ||   156
Throw: Stone             |    70 |     7 ||    77
       Dart              |       |    28 ||    28
       Boomerang         |       |     6 ||     6
 Abil: Rolling Charge    |     2 |     3 ||     5
  Use: Scroll            |     2 |       ||     2
       Potion            |       |     5 ||     5
Armor: Scale mail        |    37 |    18 ||    55
       Skin              |       |     4 ||     4
Dodge: Dodged            |     7 |    10 ||    17
Block: Kite shield       |    26 |    40 ||    66
